BOSTON vs NEW YORK R

Created - March-28-21 at 19:57

Goals
1 2 3 T
BOSTON 0 0 0 0
NEW YORK R 0 1 0 1
Shots
1 2 3 T
BOSTON 4 8 7 19
NEW YORK R 4 15 7 26

1st period

No Goal

Penalties :
No Penalty

2nd period

1. NEW YORK R , Tom Wilson 10 (Colton Parayko 26, Leon Draisaitl 14) at 1:20

Penalties :
Juuso Valimaki (BOS) for Hooking (Minor) at 12:52

3rd period

No Goal

Penalties :
Colton Parayko (NYR) for Goalie Interference (Minor) at 2:15, Blake Comeau (BOS) for Slashing (Double Minor) at 4:49, Andrew Mangiapane (BOS) for Holding (Minor) at 17:35

Goalie Stats

Thatcher Demko (BOS), 25 saves from 26 shots - (0.962), L, 7-7-2, 59:41 minutes
Frederik Andersen (NYR), 19 saves from 19 shots - (1.000), W, 22-13-8, 60:00 minutes

Players Stats for BOSTON

Player Name              G  A  P  +/- PIM S  H  SB GA TA FO     MP     PP MP  PK MP  
------------------------------------------------------------------------------------
Alec Martinez            0  0  0  -1  0   1  1  0  0  0  0/0    20:04   0:52   2:56 
Aleksi Saarela           0  0  0   0  0   0  0  0  0  0  0/0     0:25   0:00   0:00 
Alexandre Texier         0  0  0   0  0   0  0  0  0  0  3/5     6:35   0:00   0:18 
Andrew Mangiapane        0  0  0   0  2   1  2  0  0  0  0/1    14:25   0:00   0:29 
Blake Comeau             0  0  0   0  4   1  2  2  0  0  0/0    15:46   0:52   0:00 
Casey Mittelstadt        0  0  0   0  0   2  0  0  0  0  5/14   13:57   0:00   0:00 
Filip Hronek             0  0  0  -1  0   1  4  2  0  0  0/0    20:04   0:52   2:56 
Ilya Kovalchuk           0  0  0   0  0   1  0  0  0  0  1/1    18:49   0:52   3:02 
Ivan Barbashev           0  0  0   0  0   1  3  0  0  0  8/15   15:47   0:52   0:00 
Ivan Provorov            0  0  0   0  0   1  2  3  0  0  0/0    24:58   1:07   5:01 
Juuso Valimaki           0  0  0   0  2   0  1  0  0  0  0/0    14:57   0:00   0:00 
Kevin Fiala              0  0  0  -1  0   3  2  0  0  0  0/3    19:04   1:07   3:02 
Miles Wood               0  0  0   0  0   1  0  0  0  0  0/0    13:57   0:00   0:00 
Miro Heiskanen           0  0  0   0  0   2  0  2  0  0  0/0    24:58   1:07   5:01 
Nicolas Roy              0  0  0   0  0   0  1  0  0  0  0/0     3:08   0:00   0:00 
Philippe Myers           0  0  0   0  0   0  2  0  0  0  0/0    14:58   0:00   0:00 
Reilly Smith             0  0  0  -1  0   1  0  0  0  0  4/10   23:19   1:07   4:08 
Victor Olofsson          0  0  0   0  0   1  0  0  0  0  0/0     7:04   0:00   0:47 
William Nylander         0  0  0  -1  0   2  2  0  0  0  10/20  19:45   1:07   4:08 

Players Stats for NEW YORK R

Player Name              G  A  P  +/- PIM S  H  SB GA TA FO     MP     PP MP  PK MP  
------------------------------------------------------------------------------------
Andrew Cogliano          0  0  0   0  0   2  2  0  0  0  2/3    18:41   3:19   0:00 
Artemi Panarin           0  0  0   1  0   1  0  0  0  0  0/1    19:35   4:38   1:28 
Bo Horvat                0  0  0   0  0   2  0  0  0  0  11/17  19:09   3:19   0:28 
Brendan Lemieux          0  0  0   0  0   0  0  0  0  0  0/0     6:48   0:00   0:00 
Brett Pesce              0  0  0   0  0   1  1  0  0  0  0/0    20:09   4:05   0:42 
Cam Fowler               0  0  0   0  0   1  1  0  0  0  0/0    14:34   0:00   0:00 
Colton Parayko           0  1  1   1  2   5  5  1  0  0  0/0    19:18   3:52   0:00 
Connor Brown             0  0  0   0  0   0  0  0  0  0  0/1    18:41   3:19   0:00 
Gabriel Vilardi          0  0  0   0  0   0  0  0  0  0  0/0     1:35   0:17   0:00 
Jake DeBrusk             0  0  0   0  0   1  0  0  0  0  0/0    14:25   0:00   0:00 
Jonathan Marchessault    0  0  0   0  0   5  2  0  0  0  4/13   14:28   0:00   0:03 
Karl Alzner              0  0  0   0  0   0  2  0  0  0  0/0     6:29   0:00   1:10 
Leon Draisaitl           0  1  1   1  0   3  0  0  0  0  15/26  24:51   4:21   1:31 
Marc-Edouard Vlasic      0  0  0   0  0   0  0  0  0  0  0/0    20:09   4:05   0:42 
Marcus Kruger            0  0  0   0  0   1  2  0  0  0  0/1    14:25   0:00   0:00 
Mike Matheson            0  0  0   0  0   1  2  0  0  0  0/0    14:03   0:00   0:07 
Nico Hischier            0  0  0   0  0   0  0  0  0  0  4/5     6:48   0:00   0:00 
Sam Steel                0  0  0   0  0   0  0  0  0  0  0/0     0:00   0:00   0:00 
Seth Jones               0  0  0   1  0   0  2  0  0  0  0/0    25:17   3:52   1:17 
Tom Wilson               1  0  1   1  0   3  2  0  0  0  2/2    18:35   4:38   0:28 

3 Stars

1 - Frederik Andersen (NYR)
2 - Tom Wilson (NYR)
3 - Thatcher Demko (BOS)

Power Play

BOSTON - 0 on 1 Attempt(s) - 0.00%
NEW YORK R - 0 on 4 Attempt(s) - 0.00%

Penalty Kill

BOSTON - 4 on 4 Attempt(s) - 100.00% - Score 0 goal in Penalty Kill
NEW YORK R - 1 on 1 Attempt(s) - 100.00% - Score 0 goal in Penalty Kill

Team Stat

BOSTON - Hits : 22 - Faceoff Wins : 31 - Blocked Shots : 9 - Penalty Minutes : 8
NEW YORK R - Hits : 21 - Faceoff Wins : 38 - Blocked Shots : 1 - Penalty Minutes : 2

Official

Referees : Kyle Rehman and Brett Roeland
Linesman : Corey Leuders and Adam Buckingham

Game Notes

No Game Note

Finance

Level 1 -- Attendance: 4412 (73.53%) -- Ticket Income $441,200
Level 2 -- Attendance: 3357 (67.14%) -- Ticket Income $234,990
Level 3 -- Attendance: 1307 (65.35%) -- Ticket Income $58,815
Level 4 -- Attendance: 4000 (100.00%) -- Ticket Income $80,000
Luxury Box -- Attendance: 906 (90.60%) -- Ticket Income $165,798
Game was played at the Madison Square Garden.
Total Attendance: 13982 (77.68%)
Total Ticket Income: $980,803
Total Income: $980,803

BOSTON

5 vs 5 Forward 
   Center                   Left Wing                Right Wing               Time % Phy DF OF 
 1 William Nylander         Reilly Smith             Kevin Fiala              35     1   2  2  
 2 Ivan Barbashev           Ilya Kovalchuk           Blake Comeau             30     1   2  2  
 3 Casey Mittelstadt        Andrew Mangiapane        Miles Wood               25     1   2  2  
 4 Alexandre Texier         Victor Olofsson          Reilly Smith             10     1   2  2  

5 vs 5 Defense 
   Defense                  Defense                                           Time % Phy DF OF 
 1 Ivan Provorov            Miro Heiskanen                                    35     1   2  2  
 2 Alec Martinez            Filip Hronek                                      30     1   2  2  
 3 Philippe Myers           Juuso Valimaki                                    25     1   2  2  
 4 Ivan Provorov            Miro Heiskanen                                    10     1   2  2  

PowerPlay Forward 
   Center                   Left Wing                Right Wing               Time % Phy DF OF 
 1 William Nylander         Reilly Smith             Kevin Fiala              60     1   2  2  
 2 Ivan Barbashev           Ilya Kovalchuk           Blake Comeau             40     1   2  2  

PowerPlay Defense
   Defense                  Defense                                           Time % Phy DF OF 
 1 Ivan Provorov            Miro Heiskanen                                    60     1   2  2  
 2 Alec Martinez            Filip Hronek                                      40     1   2  2  

Penalty Kill 4 Players Forward 
   Center                   Wing                     Time % Phy DF OF 
 1 Reilly Smith             William Nylander         60     1   2  2  
 2 Kevin Fiala              Ilya Kovalchuk           40     1   2  2  

Penalty Kill 4 Players Defense
   Defense                  Defense                  Time % Phy DF OF 
 1 Ivan Provorov            Miro Heiskanen           60     1   2  2  
 2 Alec Martinez            Filip Hronek             40     1   2  2  

Penalty Kill - 3 Players Forward 
   Forward                                           Time % Phy DF OF 
 1 Reilly Smith                                      60     1   2  2  
 2 William Nylander                                  40     1   2  2  

Penalty Kill - 3 Players Defense
   Defense                  Defense                  Time % Phy DF OF 
 1 Ivan Provorov            Miro Heiskanen           60     1   2  2  
 2 Alec Martinez            Filip Hronek             40     1   2  2  

4 vs 4 Forward 
   Center                   Wing                     Time % Phy DF OF 
 1 Reilly Smith             William Nylander         60     1   2  2  
 2 Kevin Fiala              Ilya Kovalchuk           40     1   2  2  

4 vs 4 Defense
   Defense                  Defense                  Time % Phy DF OF 
 1 Ivan Provorov            Miro Heiskanen           60     1   2  2  
 2 Alec Martinez            Filip Hronek             40     1   2  2  

Last Minutes Offensive
   Center                   Left Wing                Right Wing               Defense                  Defense                  
   William Nylander         Reilly Smith             Kevin Fiala              Ivan Provorov            Miro Heiskanen           

Last Minutes Defensive
   Center                   Left Wing                Right Wing               Defense                  Defense                  
   William Nylander         Reilly Smith             Kevin Fiala              Ivan Provorov            Miro Heiskanen           

Goaltenders
Starting : Thatcher Demko           
Backup : Martin Jones             

Extra Forwards
Normal : Nicolas Roy, Aleksi Saarela, Andrew Mangiapane - PP : Nicolas Roy, Aleksi Saarela - PK : Andrew Mangiapane
Extra Defensemen
Normal : Philippe Myers, Juuso Valimaki, Alec Martinez - PP : Philippe Myers - PK : Juuso Valimaki, Alec Martinez
Penalty Shots
Reilly Smith, William Nylander, Kevin Fiala, Ilya Kovalchuk, Blake Comeau

Scratches
Filip Zadina (Healthy), BOS Cap Hit (Suspend), Robert Hagg (Healthy), Charlie Lindgren (Healthy)

NEW YORK R

5 vs 5 Forward 
   Center                   Left Wing                Right Wing               Time % Phy DF OF 
 1 Leon Draisaitl           Artemi Panarin           Tom Wilson               35     1   2  2  
 2 Bo Horvat                Andrew Cogliano          Connor Brown             30     1   2  2  
 3 Jonathan Marchessault    Jake DeBrusk             Marcus Kruger            25     1   2  2  
 4 Nico Hischier            Brendan Lemieux          Leon Draisaitl           10     1   2  2  

5 vs 5 Defense 
   Defense                  Defense                                           Time % Phy DF OF 
 1 Seth Jones               Colton Parayko                                    35     1   2  2  
 2 Marc-Edouard Vlasic      Brett Pesce                                       30     1   2  2  
 3 Cam Fowler               Mike Matheson                                     25     1   2  2  
 4 Karl Alzner              Seth Jones                                        10     1   2  2  

PowerPlay Forward 
   Center                   Left Wing                Right Wing               Time % Phy DF OF 
 1 Leon Draisaitl           Artemi Panarin           Tom Wilson               60     1   2  2  
 2 Bo Horvat                Andrew Cogliano          Connor Brown             40     1   2  2  

PowerPlay Defense
   Defense                  Defense                                           Time % Phy DF OF 
 1 Seth Jones               Colton Parayko                                    60     1   2  2  
 2 Marc-Edouard Vlasic      Brett Pesce                                       40     1   2  2  

Penalty Kill 4 Players Forward 
   Center                   Wing                     Time % Phy DF OF 
 1 Leon Draisaitl           Artemi Panarin           60     1   2  2  
 2 Bo Horvat                Tom Wilson               40     1   2  2  

Penalty Kill 4 Players Defense
   Defense                  Defense                  Time % Phy DF OF 
 1 Seth Jones               Colton Parayko           60     1   2  2  
 2 Marc-Edouard Vlasic      Brett Pesce              40     1   2  2  

Penalty Kill - 3 Players Forward 
   Forward                                           Time % Phy DF OF 
 1 Leon Draisaitl                                    60     1   2  2  
 2 Artemi Panarin                                    40     1   2  2  

Penalty Kill - 3 Players Defense
   Defense                  Defense                  Time % Phy DF OF 
 1 Seth Jones               Colton Parayko           60     1   2  2  
 2 Marc-Edouard Vlasic      Brett Pesce              40     1   2  2  

4 vs 4 Forward 
   Center                   Wing                     Time % Phy DF OF 
 1 Leon Draisaitl           Artemi Panarin           60     1   2  2  
 2 Bo Horvat                Tom Wilson               40     1   2  2  

4 vs 4 Defense
   Defense                  Defense                  Time % Phy DF OF 
 1 Seth Jones               Colton Parayko           60     1   2  2  
 2 Marc-Edouard Vlasic      Brett Pesce              40     1   2  2  

Last Minutes Offensive
   Center                   Left Wing                Right Wing               Defense                  Defense                  
   Leon Draisaitl           Artemi Panarin           Tom Wilson               Seth Jones               Colton Parayko           

Last Minutes Defensive
   Center                   Left Wing                Right Wing               Defense                  Defense                  
   Leon Draisaitl           Artemi Panarin           Tom Wilson               Seth Jones               Colton Parayko           

Goaltenders
Starting : Frederik Andersen        
Backup : Craig Anderson           

Extra Forwards
Normal : Gabriel Vilardi, Sam Steel, Jonathan Marchessault - PP : Gabriel Vilardi, Sam Steel - PK : Jonathan Marchessault
Extra Defensemen
Normal : Cam Fowler, Mike Matheson, Karl Alzner - PP : Cam Fowler - PK : Mike Matheson, Karl Alzner
Penalty Shots
Leon Draisaitl, Artemi Panarin, Bo Horvat, Tom Wilson, Jonathan Marchessault

Scratches
Frederik Gauthier (Healthy)

% Time on Ice - BOSTON

Lines # - Real PCT - Wanted PCT - Time Play
Normal Forward
1 - 29% - 35% - 14:30
2 - 30% - 30% - 14:55
3 - 28% - 25% - 13:57
4 - 13% - 10% - 6:17
Normal Defense
1 - 32% - 35% - 15:45
2 - 33% - 30% - 16:16
3 - 30% - 25% - 14:58
4 - 5% - 10% - 2:40
PP Forward
1 - 56% - 60% - 1:07
2 - 44% - 40% - 0:52
PP Defense
1 - 56% - 60% - 1:07
2 - 44% - 40% - 0:52
PK Forward
1 - 62% - 60% - 4:55
2 - 38% - 40% - 3:02
PK Defense
1 - 63% - 60% - 5:01
2 - 37% - 40% - 2:56
PK3 Forward
1 - 0% - 60%
2 - 0% - 40%
PK3 Defense
1 - 0% - 60%
2 - 0% - 40%
44 Forward
1 - 0% - 60%
2 - 0% - 40%
44 Defense
1 - 0% - 60%
2 - 0% - 40%
Last Minute Offensive  - 0:25
Last Minute Defensive  - 0:00
Total
Forward - 60:00
Defense - 60:00

% Time on Ice - NEW YORK R

Lines # - Real PCT - Wanted PCT - Time Play
Normal Forward
1 - 26% - 35% - 13:04
2 - 31% - 30% - 15:22
3 - 29% - 25% - 14:25
4 - 14% - 10% - 6:48
Normal Defense
1 - 30% - 35% - 15:02
2 - 31% - 30% - 15:22
3 - 28% - 25% - 13:56
4 - 11% - 10% - 5:19
PP Forward
1 - 58% - 60% - 4:38
2 - 42% - 40% - 3:19
PP Defense
1 - 49% - 60% - 3:52
2 - 51% - 40% - 4:05
PK Forward
1 - 76% - 60% - 1:31
2 - 24% - 40% - 0:28
PK Defense
1 - 65% - 60% - 1:17
2 - 35% - 40% - 0:42
PK3 Forward
1 - 0% - 60%
2 - 0% - 40%
PK3 Defense
1 - 0% - 60%
2 - 0% - 40%
44 Forward
1 - 0% - 60%
2 - 0% - 40%
44 Defense
1 - 0% - 60%
2 - 0% - 40%
Last Minute Offensive  - 0:00
Last Minute Defensive  - 0:25
Total
Forward - 60:00
Defense - 60:00

Play-by-Play

1st period


0:01 of 1st period - Tom Wilson wins face-off versus William Nylander in neutral zone.
0:08 of 1st period - Shot by Leon Draisaitl.
0:08 of 1st period - Stopped by Thatcher Demko with a rebound.
0:10 of 1st period - Shot by Tom Wilson.
0:10 of 1st period - Stopped by Thatcher Demko without a rebound.
0:11 of 1st period - Andrew Cogliano wins face-off versus Ivan Barbashev in BOSTON zone.
0:20 of 1st period - Marc-Edouard Vlasic is hit by Ivan Barbashev and loses puck.
0:34 of 1st period - Icing by Marc-Edouard Vlasic.
0:35 of 1st period - Bo Horvat wins face-off versus Casey Mittelstadt in NEW YORK R zone.
2:39 of 1st period - Shot by Filip Hronek.
2:39 of 1st period - Shot Misses the Net.
2:41 of 1st period - Shot by Ilya Kovalchuk.
2:41 of 1st period - Stopped by Frederik Andersen without a rebound.
2:42 of 1st period - Bo Horvat wins face-off versus Casey Mittelstadt in NEW YORK R zone.
2:47 of 1st period - Shot by Andrew Mangiapane.
2:47 of 1st period - Stopped by Frederik Andersen without a rebound.
2:48 of 1st period - Casey Mittelstadt wins face-off versus Bo Horvat in NEW YORK R zone.
2:48 of 1st period - Casey Mittelstadt is hit by Mike Matheson.
2:53 of 1st period - Icing by Mike Matheson.
2:54 of 1st period - Alexandre Texier wins face-off versus Bo Horvat in NEW YORK R zone.
2:59 of 1st period - Shot by Reilly Smith.
2:59 of 1st period - Shot Misses the Net.
3:17 of 1st period - Shot by Victor Olofsson.
3:17 of 1st period - Stopped by Frederik Andersen with a rebound.
4:14 of 1st period - Icing by Cam Fowler.
4:15 of 1st period - Casey Mittelstadt wins face-off versus Andrew Cogliano in NEW YORK R zone.
6:44 of 1st period - Jonathan Marchessault is hit by Ivan Barbashev.
6:56 of 1st period - Seth Jones is hit by Blake Comeau and loses puck.
7:03 of 1st period - Nico Hischier is hit by Blake Comeau and loses puck.
7:48 of 1st period - Shot by Leon Draisaitl.
7:48 of 1st period - Shot Blocked by Miro Heiskanen.
8:34 of 1st period - Andrew Mangiapane is hit by Cam Fowler and loses puck.
10:22 of 1st period - Shot by Leon Draisaitl.
10:22 of 1st period - Shot Misses the Net.
10:55 of 1st period - Off-side.
10:56 of 1st period - Leon Draisaitl wins face-off versus William Nylander in neutral zone.
11:55 of 1st period - Shot by Ivan Barbashev.
11:55 of 1st period - Shot Misses the Net.
11:57 of 1st period - Shot by Ivan Barbashev.
11:57 of 1st period - Stopped by Frederik Andersen with a rebound.
12:18 of 1st period - Icing by Alec Martinez.
12:19 of 1st period - Ivan Barbashev wins face-off versus Jonathan Marchessault in BOSTON zone.
12:19 of 1st period - Ivan Barbashev is hit by Jonathan Marchessault.
13:14 of 1st period - Miles Wood is hit by Mike Matheson.
14:49 of 1st period - Connor Brown is hit by Nicolas Roy and loses puck.
15:17 of 1st period - Icing by Alec Martinez.
15:18 of 1st period - William Nylander wins face-off versus Jonathan Marchessault in BOSTON zone.
15:37 of 1st period - Juuso Valimaki is hit by Jonathan Marchessault and loses puck.
16:30 of 1st period - Shot by Leon Draisaitl.
16:30 of 1st period - Shot Blocked by Ivan Provorov.
18:20 of 1st period - Shot by Jonathan Marchessault.
18:20 of 1st period - Stopped by Thatcher Demko without a rebound.
18:21 of 1st period - Nico Hischier wins face-off versus Ivan Barbashev in BOSTON zone.
18:37 of 1st period - Blake Comeau is hit by Colton Parayko and loses puck.
19:19 of 1st period - Shot by Jake DeBrusk.
19:19 of 1st period - Stopped by Thatcher Demko without a rebound.
19:20 of 1st period - William Nylander wins face-off versus Jonathan Marchessault in BOSTON zone.
19:22 of 1st period - Icing by Kevin Fiala.
19:23 of 1st period - Jonathan Marchessault wins face-off versus William Nylander in BOSTON zone.
19:46 of 1st period - Shot by Jonathan Marchessault.
19:46 of 1st period - Shot Blocked by Filip Hronek.
19:49 of 1st period - Icing by Alec Martinez.
19:50 of 1st period - Bo Horvat wins face-off versus William Nylander in BOSTON zone.
Goals for this period are 0 for BOSTON vs 0 for NEW YORK R.
Shots for this period are 4 for BOSTON vs 4 for NEW YORK R.

2nd period


0:01 of 2nd period - Leon Draisaitl wins face-off versus William Nylander in neutral zone.
0:10 of 2nd period - Shot by Leon Draisaitl.
0:10 of 2nd period - Stopped by Thatcher Demko without a rebound.
0:11 of 2nd period - Jonathan Marchessault wins face-off versus Ivan Barbashev in BOSTON zone.
0:36 of 2nd period - Shot by Jonathan Marchessault.
0:36 of 2nd period - Stopped by Thatcher Demko without a rebound.
0:37 of 2nd period - William Nylander wins face-off versus Leon Draisaitl in BOSTON zone.
0:37 of 2nd period - William Nylander is hit by Tom Wilson.
0:53 of 2nd period - Leon Draisaitl is hit by Filip Hronek and loses puck.
1:16 of 2nd period - Shot by Leon Draisaitl.
1:16 of 2nd period - Shot Misses the Net.
1:18 of 2nd period - Shot by Colton Parayko.
1:18 of 2nd period - Stopped by Thatcher Demko with a rebound.
1:20 of 2nd period - Shot by Tom Wilson.
1:20 of 2nd period - Goal by Tom Wilson - BOSTON : 0 - NEW YORK R : 1.
1:21 of 2nd period - Bo Horvat wins face-off versus Ivan Barbashev in neutral zone.
1:35 of 2nd period - Bo Horvat is hit by Ivan Provorov and loses puck.
2:20 of 2nd period - Shot by Jonathan Marchessault.
2:20 of 2nd period - Stopped by Thatcher Demko without a rebound.
2:21 of 2nd period - Leon Draisaitl wins face-off versus Alexandre Texier in BOSTON zone.
2:32 of 2nd period - Shot by Tom Wilson.
2:32 of 2nd period - Stopped by Thatcher Demko without a rebound.
2:33 of 2nd period - Jonathan Marchessault wins face-off versus Casey Mittelstadt in BOSTON zone.
3:25 of 2nd period - Ivan Provorov is hit by Marcus Kruger and loses puck.
3:29 of 2nd period - Icing by Ivan Provorov.
3:30 of 2nd period - William Nylander wins face-off versus Leon Draisaitl in BOSTON zone.
3:45 of 2nd period - Shot by Kevin Fiala.
3:45 of 2nd period - Stopped by Frederik Andersen with a rebound.
4:02 of 2nd period - Shot by Reilly Smith.
4:02 of 2nd period - Shot Misses the Net.
4:04 of 2nd period - Shot by Miro Heiskanen.
4:04 of 2nd period - Stopped by Frederik Andersen without a rebound.
4:05 of 2nd period - Bo Horvat wins face-off versus Ivan Barbashev in NEW YORK R zone.
4:18 of 2nd period - Shot by Cam Fowler.
4:18 of 2nd period - Stopped by Thatcher Demko without a rebound.
4:19 of 2nd period - Nico Hischier wins face-off versus Casey Mittelstadt in BOSTON zone.
4:40 of 2nd period - Shot by Juuso Valimaki.
4:40 of 2nd period - Shot Blocked by Colton Parayko.
4:48 of 2nd period - Shot by Casey Mittelstadt.
4:48 of 2nd period - Stopped by Frederik Andersen without a rebound.
4:49 of 2nd period - Bo Horvat wins face-off versus Ivan Barbashev in NEW YORK R zone.
4:49 of 2nd period - Bo Horvat is hit by Ivan Barbashev.
4:58 of 2nd period - Miro Heiskanen is hit by Andrew Cogliano and loses puck.
5:23 of 2nd period - Shot by Bo Horvat.
5:23 of 2nd period - Deflect By Connor Brown.
5:23 of 2nd period - Shot Misses the Net.
5:25 of 2nd period - Shot by Andrew Cogliano.
5:25 of 2nd period - Stopped by Thatcher Demko without a rebound.
5:26 of 2nd period - Tom Wilson wins face-off versus William Nylander in BOSTON zone.
5:34 of 2nd period - Artemi Panarin is hit by Filip Hronek.
6:03 of 2nd period - Artemi Panarin is hit by Filip Hronek and loses puck.
6:23 of 2nd period - Brett Pesce is hit by Filip Hronek and loses puck.
7:35 of 2nd period - Ivan Barbashev is hit by Andrew Cogliano and loses puck.
8:02 of 2nd period - Icing by Juuso Valimaki.
8:03 of 2nd period - Casey Mittelstadt wins face-off versus Leon Draisaitl in BOSTON zone.
8:03 of 2nd period - Casey Mittelstadt is hit by Tom Wilson.
8:15 of 2nd period - Shot by Miles Wood.
8:15 of 2nd period - Shot Misses the Net.
8:18 of 2nd period - Miles Wood is hit by Seth Jones and loses puck.
8:21 of 2nd period - Shot by Andrew Mangiapane.
8:21 of 2nd period - Deflect By Miles Wood.
8:21 of 2nd period - Stopped by Frederik Andersen without a rebound.
8:22 of 2nd period - Nico Hischier wins face-off versus Alexandre Texier in NEW YORK R zone.
9:12 of 2nd period - Andrew Mangiapane is hit by Karl Alzner and loses puck.
10:55 of 2nd period - Shot by Jonathan Marchessault.
10:55 of 2nd period - Stopped by Thatcher Demko without a rebound.
10:56 of 2nd period - William Nylander wins face-off versus Marcus Kruger in BOSTON zone.
11:05 of 2nd period - Shot by Jonathan Marchessault.
11:05 of 2nd period - Stopped by Thatcher Demko without a rebound.
11:06 of 2nd period - Leon Draisaitl wins face-off versus Casey Mittelstadt in BOSTON zone.
11:18 of 2nd period - Off-side.
11:19 of 2nd period - William Nylander wins face-off versus Bo Horvat in neutral zone.
11:22 of 2nd period - Shot by Kevin Fiala.
11:22 of 2nd period - Shot Misses the Net.
12:52 of 2nd period - Minor Penalty to Juuso Valimaki for Hooking.
12:53 of 2nd period - Leon Draisaitl wins face-off versus Andrew Mangiapane in BOSTON zone.
13:06 of 2nd period - Shot by Artemi Panarin.
13:06 of 2nd period - Shot Misses the Net.
13:08 of 2nd period - Shot by Colton Parayko.
13:08 of 2nd period - Stopped by Thatcher Demko without a rebound.
13:09 of 2nd period - Leon Draisaitl wins face-off versus Reilly Smith in BOSTON zone.
14:06 of 2nd period - Icing by Seth Jones.
14:07 of 2nd period - Reilly Smith wins face-off versus Connor Brown in NEW YORK R zone.
14:20 of 2nd period - Shot by Colton Parayko.
14:20 of 2nd period - Stopped by Thatcher Demko without a rebound.
14:21 of 2nd period - Reilly Smith wins face-off versus Leon Draisaitl in BOSTON zone.
14:55 of 2nd period - Shot by Jake DeBrusk.
14:55 of 2nd period - Shot Hit the Post.
15:25 of 2nd period - Shot by Casey Mittelstadt.
15:25 of 2nd period - Shot Misses the Net.
16:05 of 2nd period - Shot by Andrew Cogliano.
16:05 of 2nd period - Shot Misses the Net.
16:09 of 2nd period - Shot by Bo Horvat.
16:09 of 2nd period - Shot Blocked by Blake Comeau.
16:11 of 2nd period - Shot by Colton Parayko.
16:11 of 2nd period - Shot Blocked by Blake Comeau.
16:13 of 2nd period - Shot by Colton Parayko.
16:13 of 2nd period - Stopped by Thatcher Demko without a rebound.
16:14 of 2nd period - Leon Draisaitl wins face-off versus William Nylander in BOSTON zone.
16:29 of 2nd period - Shot by Kevin Fiala.
16:29 of 2nd period - Shot Misses the Net.
16:31 of 2nd period - Shot by Ivan Provorov.
16:31 of 2nd period - Shot Misses the Net.
16:47 of 2nd period - Shot by William Nylander.
16:47 of 2nd period - Stopped by Frederik Andersen without a rebound.
16:48 of 2nd period - Ilya Kovalchuk wins face-off versus Jonathan Marchessault in NEW YORK R zone.
16:48 of 2nd period - Ilya Kovalchuk is hit by Colton Parayko.
17:06 of 2nd period - Shot by Jonathan Marchessault.
17:06 of 2nd period - Shot Misses the Net.
17:08 of 2nd period - Shot by Marcus Kruger.
17:08 of 2nd period - Stopped by Thatcher Demko without a rebound.
17:09 of 2nd period - Bo Horvat wins face-off versus Casey Mittelstadt in BOSTON zone.
17:30 of 2nd period - Shot by Casey Mittelstadt.
17:30 of 2nd period - Shot Misses the Net.
17:57 of 2nd period - Bo Horvat is hit by William Nylander and loses puck.
18:03 of 2nd period - Mike Matheson is hit by Ivan Provorov and loses puck.
18:20 of 2nd period - Shot by Kevin Fiala.
18:20 of 2nd period - Stopped by Frederik Andersen without a rebound.
18:21 of 2nd period - Ivan Barbashev wins face-off versus Jonathan Marchessault in NEW YORK R zone.
18:22 of 2nd period - Shot by Filip Hronek.
18:22 of 2nd period - Stopped by Frederik Andersen without a rebound.
18:23 of 2nd period - Ivan Barbashev wins face-off versus Leon Draisaitl in NEW YORK R zone.
18:33 of 2nd period - Off-side.
18:34 of 2nd period - William Nylander wins face-off versus Jonathan Marchessault in neutral zone.
18:45 of 2nd period - Shot by William Nylander.
18:45 of 2nd period - Stopped by Frederik Andersen without a rebound.
18:46 of 2nd period - Ivan Barbashev wins face-off versus Leon Draisaitl in NEW YORK R zone.
19:11 of 2nd period - Shot by Artemi Panarin.
19:11 of 2nd period - Stopped by Thatcher Demko with a rebound.
Goals for this period are 0 for BOSTON vs 1 for NEW YORK R.
Shots for this period are 8 for BOSTON vs 15 for NEW YORK R.

3rd period


0:01 of 3rd period - William Nylander wins face-off versus Leon Draisaitl in neutral zone.
0:18 of 3rd period - Icing by Ivan Provorov.
0:19 of 3rd period - William Nylander wins face-off versus Jonathan Marchessault in BOSTON zone.
2:02 of 3rd period - Icing by Artemi Panarin.
2:03 of 3rd period - Alexandre Texier wins face-off versus Leon Draisaitl in NEW YORK R zone.
2:15 of 3rd period - Minor Penalty to Colton Parayko for Goalie Interference.
2:16 of 3rd period - Leon Draisaitl wins face-off versus William Nylander in NEW YORK R zone.
2:29 of 3rd period - Shot by Miro Heiskanen.
2:29 of 3rd period - Shot Misses the Net.
2:31 of 3rd period - Shot by Miro Heiskanen.
2:31 of 3rd period - Stopped by Frederik Andersen with a rebound.
2:43 of 3rd period - Shot by Ivan Provorov.
2:43 of 3rd period - Stopped by Frederik Andersen without a rebound.
2:44 of 3rd period - Ivan Barbashev wins face-off versus Artemi Panarin in NEW YORK R zone.
2:53 of 3rd period - Shot by Alec Martinez.
2:53 of 3rd period - Stopped by Frederik Andersen without a rebound.
2:54 of 3rd period - Ivan Barbashev wins face-off versus Leon Draisaitl in NEW YORK R zone.
2:55 of 3rd period - Shot by Filip Hronek.
2:55 of 3rd period - Shot Misses the Net.
3:55 of 3rd period - Shot by Kevin Fiala.
3:55 of 3rd period - Stopped by Frederik Andersen without a rebound.
3:56 of 3rd period - William Nylander wins face-off versus Bo Horvat in NEW YORK R zone.
4:07 of 3rd period - Shot by William Nylander.
4:07 of 3rd period - Deflect By Reilly Smith.
4:07 of 3rd period - Stopped by Frederik Andersen without a rebound.
4:08 of 3rd period - Leon Draisaitl wins face-off versus William Nylander in NEW YORK R zone.
4:23 of 3rd period - Shot by Casey Mittelstadt.
4:23 of 3rd period - Stopped by Frederik Andersen without a rebound.
4:24 of 3rd period - Andrew Cogliano wins face-off versus Ivan Barbashev in NEW YORK R zone.
4:49 of 3rd period - Double Minor Penalty to Blake Comeau for Slashing.
4:50 of 3rd period - Leon Draisaitl wins face-off versus Reilly Smith in BOSTON zone.
5:29 of 3rd period - Shot by Artemi Panarin.
5:29 of 3rd period - Deflect By Leon Draisaitl.
5:29 of 3rd period - Stopped by Thatcher Demko without a rebound.
5:30 of 3rd period - Bo Horvat wins face-off versus Reilly Smith in BOSTON zone.
5:38 of 3rd period - Icing by Marc-Edouard Vlasic.
5:39 of 3rd period - Reilly Smith wins face-off versus Bo Horvat in NEW YORK R zone.
5:39 of 3rd period - Reilly Smith is hit by Brett Pesce.
6:35 of 3rd period - Icing by Seth Jones.
6:36 of 3rd period - Leon Draisaitl wins face-off versus Kevin Fiala in NEW YORK R zone.
6:44 of 3rd period - Leon Draisaitl is hit by Kevin Fiala and loses puck.
6:49 of 3rd period - Shot by Seth Jones.
6:49 of 3rd period - Shot Blocked by Ivan Provorov.
6:51 of 3rd period - Shot by Colton Parayko.
6:51 of 3rd period - Shot Misses the Net.
6:53 of 3rd period - Shot by Colton Parayko.
6:53 of 3rd period - Stopped by Thatcher Demko without a rebound.
6:54 of 3rd period - Leon Draisaitl wins face-off versus Reilly Smith in BOSTON zone.
7:04 of 3rd period - Icing by Seth Jones.
7:05 of 3rd period - Leon Draisaitl wins face-off versus Kevin Fiala in NEW YORK R zone.
7:23 of 3rd period - Icing by Leon Draisaitl.
7:24 of 3rd period - Reilly Smith wins face-off versus Leon Draisaitl in NEW YORK R zone.
7:24 of 3rd period - Reilly Smith is hit by Colton Parayko.
7:29 of 3rd period - William Nylander is hit by Colton Parayko and loses puck.
8:10 of 3rd period - Shot by Brett Pesce.
8:10 of 3rd period - Shot Blocked by Filip Hronek.
8:12 of 3rd period - Shot by Marc-Edouard Vlasic.
8:12 of 3rd period - Deflect By Bo Horvat.
8:12 of 3rd period - Stopped by Thatcher Demko without a rebound.
8:13 of 3rd period - Bo Horvat wins face-off versus Kevin Fiala in BOSTON zone.
8:27 of 3rd period - Shot by Brett Pesce.
8:27 of 3rd period - Shot Blocked by Ivan Provorov.
8:29 of 3rd period - Shot by Marc-Edouard Vlasic.
8:29 of 3rd period - Shot Blocked by Miro Heiskanen.
8:51 of 3rd period - Off-side.
8:52 of 3rd period - Nico Hischier wins face-off versus Casey Mittelstadt in neutral zone.
9:05 of 3rd period - Shot by Colton Parayko.
9:05 of 3rd period - Shot Misses the Net.
9:07 of 3rd period - Shot by Nico Hischier.
9:07 of 3rd period - Shot Misses the Net.
9:16 of 3rd period - Nico Hischier is hit by Philippe Myers and loses puck.
9:26 of 3rd period - Nico Hischier is hit by Juuso Valimaki and loses puck.
9:58 of 3rd period - Off-side.
9:59 of 3rd period - Ivan Barbashev wins face-off versus Jonathan Marchessault in neutral zone.
10:48 of 3rd period - Shot by Bo Horvat.
10:48 of 3rd period - Stopped by Thatcher Demko without a rebound.
10:49 of 3rd period - Bo Horvat wins face-off versus William Nylander in BOSTON zone.
11:12 of 3rd period - Shot by Mike Matheson.
11:12 of 3rd period - Stopped by Thatcher Demko without a rebound.
11:13 of 3rd period - Casey Mittelstadt wins face-off versus Leon Draisaitl in BOSTON zone.
11:47 of 3rd period - Leon Draisaitl is hit by Philippe Myers and loses puck.
12:09 of 3rd period - Colton Parayko is hit by Kevin Fiala and loses puck.
12:18 of 3rd period - Leon Draisaitl is hit by William Nylander and loses puck.
12:33 of 3rd period - Off-side.
12:34 of 3rd period - Ivan Barbashev wins face-off versus Bo Horvat in neutral zone.
12:49 of 3rd period - Shot by Andrew Cogliano.
12:49 of 3rd period - Stopped by Thatcher Demko without a rebound.
12:50 of 3rd period - Alexandre Texier wins face-off versus Jonathan Marchessault in BOSTON zone.
12:50 of 3rd period - Alexandre Texier is hit by Marcus Kruger.
13:53 of 3rd period - Andrew Cogliano is hit by Alec Martinez and loses puck.
14:39 of 3rd period - Off-side.
14:40 of 3rd period - Leon Draisaitl wins face-off versus Casey Mittelstadt in neutral zone.
14:43 of 3rd period - Shot by Tom Wilson.
14:43 of 3rd period - Shot Misses the Net.
14:48 of 3rd period - Casey Mittelstadt is hit by Colton Parayko and loses puck.
15:06 of 3rd period - Icing by Juuso Valimaki.
15:07 of 3rd period - Jonathan Marchessault wins face-off versus Casey Mittelstadt in BOSTON zone.
15:18 of 3rd period - Jake DeBrusk is hit by Andrew Mangiapane and loses puck.
16:53 of 3rd period - Shot by Blake Comeau.
16:53 of 3rd period - Stopped by Frederik Andersen without a rebound.
16:54 of 3rd period - Casey Mittelstadt wins face-off versus Nico Hischier in NEW YORK R zone.
16:54 of 3rd period - Casey Mittelstadt is hit by Seth Jones.
16:57 of 3rd period - Andrew Mangiapane is hit by Karl Alzner and loses puck.
17:03 of 3rd period - Seth Jones is hit by Andrew Mangiapane and loses puck.
17:30 of 3rd period - Shot by Andrew Mangiapane.
17:30 of 3rd period - Shot Misses the Net.
17:35 of 3rd period - Minor Penalty to Andrew Mangiapane for Holding.
17:36 of 3rd period - Leon Draisaitl wins face-off versus Reilly Smith in BOSTON zone.
18:44 of 3rd period - Icing by Andrew Cogliano.
18:45 of 3rd period - Bo Horvat wins face-off versus Reilly Smith in NEW YORK R zone.
19:33 of 3rd period - Shot by Artemi Panarin.
19:33 of 3rd period - Shot Misses the Net.
19:35 of 3rd period - Shot by Brett Pesce.
19:35 of 3rd period - Stopped by Thatcher Demko with a rebound.
19:41 of 3rd period - BOSTON, Thatcher Demko is pulled from the net.
19:45 of 3rd period - Shot by Kevin Fiala.
19:45 of 3rd period - Shot Misses the Net.
Goals for this period are 0 for BOSTON vs 0 for NEW YORK R.
Shots for this period are 7 for BOSTON vs 7 for NEW YORK R.